 Dungeon Crawl Stone Soup version 0.23.1-37-gaa34b87b72 (webtiles) character file.

Game seed: 13465936689265034593

71 Jukra the Skirmisher (level 4, -1/41 HPs)
             Began as a Minotaur Abyssal Knight on Mar 23, 2019.
             Was an Initiate of Qazlal.
             Slain by a small abomination (10 damage)
             ... created by the touch of Lugonu
             ... on level 2 of the Dungeon.
             The game lasted 00:07:23 (1356 turns).

Jukra the Skirmisher (Minotaur Abyssal Knight)      Turns: 1356, Time: 00:07:23

Health: -1/41      AC: 15    Str: 18    XL:     4   Next: 5%
Magic:  4/4        EV:  3    Int:  9    God:    Qazlal [......]
Gold:   80         SH:  0    Dex:  9    Spells: 3/3 levels left

rFire    . . .     SeeInvis .   a - +1 falchion
rCold    . . .     Gourm    .   (no shield)
rNeg     . . .     Faith    .   i - +1 plate armour
rPois    .         Spirit   .   l - +2 hat
rElec    .         Reflect  .   j - +0 cloak
rCorr    .         Harm     .   (no gloves)
MR       .....                  (no boots)
Stlth    ..........             (no amulet)
HPRegen  0.13/turn              m - -2 ring of evasion (curse)
MPRegen  0.09/turn              (no ring)

@: no status effects
A: retaliatory headbutt, horns 2
a: Renounce Religion


You were on level 2 of the Dungeon.
You worshipped Qazlal.
Qazlal was noncommittal.
You were not hungry.

You visited 1 branch of the dungeon, and saw 2 of its levels.
You visited the Abyss 1 time.

You collected 80 gold pieces.

Inventory:

Hand Weapons
 a - a +1 falchion (weapon)
Armour
 i - a +1 plate armour (worn)
 j - a +0 cloak (worn)
 l - a +2 hat (worn)
Jewellery
 m - a cursed -2 ring of evasion (left hand)
Scrolls
 e - a scroll of blinking
 h - 2 scrolls of identify
 k - a scroll of teleportation
Potions
 b - a potion of invisibility
 d - a potion of cancellation {unknown}
 f - a potion of curing {unknown}
 g - a potion of agility {unknown}
 o - 2 potions of brilliance {unknown}
Comestibles
 c - 3 rations
 n - 2 chunks of flesh


   Skills:
 * Level 4.7 Fighting
 * Level 3.1 Long Blades
 * Level 2.8 Armour
 * Level 1.6 Dodging
 * Level 0.2 Spellcasting
 + Level 2.2 Invocations


You had 3 spell levels left.
You didn't know any spells.
Your spell library was empty.

Dungeon Overview and Level Annotations

Branches:
Dungeon (2/15)

Altars:
Qazlal


Innate Abilities, Weirdness & Mutations

You reflexively headbutt those who attack you in melee.
You have a pair of horns on your head.


Message History

Your surroundings suddenly seem different.
You are confused.
Lugonu sends minions to punish you.
A small abomination comes into view.
You bump into the rock wall.
You closely miss the small abomination. The small abomination hits you.
You bump into the rock wall.
The small abomination hits you but does no damage.
The small abomination hits you.
You bump into the rock wall.
The small abomination hits you but does no damage.
You bump into the rock wall.
You feel less confused.
The small abomination hits you but does no damage.
The small abomination hits you but does no damage.
The small abomination hits you. The small abomination hits you.
* * * LOW HITPOINT WARNING * * *
The small abomination hits you!
You die...

#.#########.# #.# #.#
##>#########.#
##.#..........#
##.###.#######.# ######.##
##.### #.# ......## ##..#
#.### ######.## ##.#.####...#
#######.###.....@x..#.#######
.........#>.......###.......#
#########.####.##.# #######.#
.########.# #.##.# ###.###
......... . #.##.# #.....#
.######## ## #.##.#
#####.....# ## #.##.#
#.†)......### #
#..#.###.###..^..... #
#.....##†# #.....(..


You could see a small abomination.

Vanquished Creatures
  2 adders (D:2)
  An ooze (D:1)
  3 dart slugs
  6 bats
  7 goblins
  5 hobgoblins
  6 jackals (D:1)
  4 kobolds
  A ball python (D:2)
  2 frilled lizards (D:1)
  4 rats
41 creatures vanquished.

Notes
Turn   | Place    | Note
-------+----------+-------------------------------------------
     0 | Abyss:1  | Jukra the Minotaur Abyssal Knight began the quest for the
                  | Orb.
     0 | Abyss:1  | Reached XP level 1. HP: 19/19 MP: 1/1
    10 | Abyss:1  | Found a corrupted altar of Lugonu.
    81 | D:1      | Escaped the Abyss
   192 | D:1      | Reached skill level 4 in Fighting
   192 | D:1      | Reached XP level 2. HP: 27/27 MP: 2/2
   327 | D:1      | Reached * piety under Lugonu
   514 | D:1      | Reached XP level 3. HP: 34/34 MP: 3/3
  1031 | D:2      | Found a stormy altar of Qazlal.
  1041 | D:2      | Fell from the grace of Lugonu
  1041 | D:2      | Became a worshipper of Qazlal Stormbringer
  1121 | D:2      | Reached XP level 4. HP: 25/41 MP: 4/4
  1339 | D:2      | Noticed a small abomination
  1356 | D:2      | Slain by a small abomination

Skill      XL: |  1  2  3 |
---------------+----------+-----
Invocations    | 2 |  2.2
Fighting       | 4 |  4.7
Long Blades    | 3 |  3.1
Armour         | |  2.8
Dodging        | |  1.6
Spellcasting   | |  0.2

Action                   |  1- 3 |  4- 6 || total
-------------------------+-------+-------++-------
Melee: Falchion          |   116 |    10 ||   126
       Headbutt          |    16 |       ||    16
Invok: Depart the Abyss  |     1 |       ||     1
  Use: Scroll            |     7 |       ||     7
  Eat: Chunk             |       |     2 ||     2
Armor: Leather armour    |     3 |       ||     3
       Plate armour      |    94 |     9 ||   103
       Scale mail        |    10 |       ||    10
Dodge: Dodged            |    37 |       ||    37
       Rpst.: Falchion   |     9 |       ||     9
